 Dungeon Crawl Stone Soup version 0.30.0-18-gc0e69614cb (webtiles) character file.

Game seed: 4941913376435375260

220 Jackthecabe the Cudgeller (level 5, -4/50 HPs)
             Began as an Ogre Warper on May 24, 2023.
             Slain by a kobold brigand
             ... wielding a +0 dagger
              (7 damage)
             ... in a sewer.
             The game lasted 00:05:35 (3466 turns).

Jackthecabe the Cudgeller (Ogre Warper)             Turns: 3466, Time: 00:05:36

Health: -4/50      AC:  3    Str: 17    XL:     5   Next: 97%
Magic:  8/8        EV:  9    Int: 14    God:
Gold:   125        SH:  0    Dex:  8    Spells: 6/8 levels left

rFire   . . .        l - +1 whip (vamp)
rCold   . . .        (no shield)
rNeg    . . .        b - +0 robe
rPois   .            (helmet restricted)
rElec   .            (no cloak)
rCorr   .            (gloves unavailable)
SInv    .            (boots unavailable)
Will    .....        (no amulet)
Stlth   +            (no ring)
HPRegen 0.28/turn    (no ring)
MPRegen 0.11/turn

%: no passive effects
@: no status effects
A: large, unfitting armour, tough skin 1
a: no special abilities


You were in a sewer.
You visited 1 branch of the dungeon, and saw 3 of its levels.
You also visited: Sewer.

You collected 125 gold pieces.

Inventory:

Hand Weapons
 a - a +0 mace
 l - a +1 vampiric whip (weapon)
   (You took it off a kobold on level 2 of the Dungeon)
Missiles
 d - 7 boomerangs of dispersal (quivered) {=f}
 e - 4 large rocks {!d}
 o - a poisoned dart
Armour
 b - a +0 robe (worn)
Scrolls
 c - 3 scrolls of blinking {!r!d}
 f - a scroll of amnesia
 g - 4 scrolls of identify {unknown}
 i - 3 scrolls of teleportation {unknown}
Potions
 h - a potion of might {unknown}
 j - a potion of attraction {unknown}
 k - a potion of cancellation {unknown}
 m - 2 potions of curing {@q1, !d}
 n - a potion of lignification {unknown}
 p - 2 potions of resistance {unknown}
 q - a potion of experience {unknown}


   Skills:
 - Level 2.6 Fighting
 + Level 5.4 Maces & Flails
 - Level 1.0 Throwing
 - Level 2.1 Dodging
 - Level 2.4 Spellcasting
 - Level 2.6 Translocations


You had 6 spell levels left.
You knew the following spells:

 Your Spells              Type           Power      Damage    Failure   Level
B - Blink                 Tloc           18%        N/A       12%         2

Your spell library contained the following spells:

 Spells                   Type           Power      Damage    Failure   Level
 Lesser Beckoning         Tloc           18%        N/A       12%         2
 Kiss of Death            Conj/Necr      4%         2d5       22%         1
 Teleport Other           Tloc           9%         N/A       22%         3
 Vhi's Electric Charge    Tloc/Air       10%        N/A       36%         3
 Confusing Touch          Hex            1%         N/A       56%         3
 Manifold Assault         Tloc           9%         N/A       58%         4
 Dispel Undead            Necr           1%         3d6       92%         4


Dungeon Overview and Level Annotations

Branches:
Dungeon (3/15)              Sewer (1/1)

Altars:


Innate Abilities, Weirdness & Mutations

You are too large for most types of armour.
You have tough skin. (AC +1)


Message History

You kill the river rat!
You regained 3 hp, and now have 31/50 hp.
You enter the shallow water.
You see here a river rat corpse.
You enter the shallow water.
q - a bubbling grey potion Health restored: 50 You enter the shallow water.
You enter the shallow water.
You see here a river rat corpse.
You enter the shallow water.
You enter the shallow water.
You enter the shallow water.
You enter the shallow water.
You enter the shallow water.
You enter the shallow water.
You enter the shallow water.
A kobold brigand and a rat come into view.
The kobold brigand is wielding a +0 dagger and quivering curare-tipped darts.
The kobold brigand shouts!
You start waiting.
A kobold brigand is nearby!
The kobold brigand throws a curare-tipped dart.
The curare-tipped dart hits you.
You are poisoned.
You have difficulty breathing.
You feel yourself slow down.
You take 11 damage, and have 39/50 hp.
MASSIVE DAMAGE!!
Throw: 2 darts (poison)
Aim: a kobold brigand, wielding a +0 dagger and quivering curare-tipped darts (45% to hit)
You throw a poisoned dart.
The poisoned dart hits the kobold brigand.
The kobold brigand is poisoned.
You hear a splash.
You feel very sick.
You take 4 damage, and have 35/50 hp.
Okay, then.
You hit the kobold brigand.
You feel better.
You feel very sick.
The kobold brigand hits you but does no damage.
You hit the kobold brigand.
You feel sick.
The kobold brigand splashes around in the water.
You take 1 damage, and have 34/50 hp.
You whack the kobold brigand!
You feel sick.
The kobold brigand hits you with a +0 dagger.
You take 6 damage, and have 28/50 hp.
You whack the kobold brigand!
You feel better.
You feel sick.
The kobold brigand splashes around in the water.
The rat closely misses you.
The kobold brigand hits you with a +0 dagger!
You take 6 damage, and have 22/50 hp.
You hit the kobold brigand.
You feel better.
You feel sick.
The kobold brigand looks more healthy.
The rat closely misses you.
The kobold brigand hits you with a +0 dagger.
You take 2 damage, and have 20/50 hp.
You closely miss the kobold brigand.
You feel sick.
You are no longer poisoned.
The rat bites you but does no damage.
The kobold brigand hits you with a +0 dagger.
The rat bites you but does no damage.
You take 4 damage, and have 16/50 hp.
You closely miss the kobold brigand.
The kobold brigand hits you with a +0 dagger.
* * * LOW HITPOINT WARNING * * *
The rat splashes around in the water.
The kobold brigand closely misses you.
You take 5 damage, and have 11/50 hp.
Unknown command.
You hit the kobold brigand.
You feel better. The rat barely misses you.
The kobold brigand splashes around in the water.
You closely miss the kobold brigand. The rat barely misses you.
The kobold brigand splashes around in the water.
The rat closely misses you.
You hit the kobold brigand.
You feel better.
The kobold brigand hits you with a +0 dagger.
* * * LOW HITPOINT WARNING * * *
The rat barely misses you.
The kobold brigand hits you with a +0 dagger.
* * * LOW HITPOINT WARNING * * *
You take 1 damage, and have 11/50 hp.
You closely miss the kobold brigand. The rat bites you.
* * * LOW HITPOINT WARNING * * *
The kobold brigand splashes around in the water.
You take 2 damage, and have 9/50 hp.
You closely miss the kobold brigand.
You feel yourself speed up. The rat closely misses you.
The kobold brigand hits you with a +0 dagger.
* * * LOW HITPOINT WARNING * * *
The rat splashes around in the water.
You take 4 damage, and have 5/50 hp.
Unknown command.
You closely miss the kobold brigand.
The kobold brigand hits you but does no damage.
The rat bites you.
* * * LOW HITPOINT WARNING * * *
You take 2 damage, and have 3/50 hp.
Unknown command.
You closely miss the kobold brigand.
The kobold brigand hits you with a +0 dagger!
You die...

..####~~~~~~~~~####...~.~.#
####..~.~.~~~.~~.########~~
#..~.~#####~~~~~# # #..~~##
##..~.# #.~.## ##.~~# #.~.#
#.~~# #.~~# #.~.# #~~~#
##.~r## ~~~~~ #~~@K~# #.###
#~###(# #~# #~# #~# #~# ~~.
~.~ ~#~ ~#~ #~ ~#~ ~# #~
~#K r# #. .#


You could see a kobold brigand and a rat.

Vanquished Creatures
  A kobold brigand (Sewer)
  6 adders (D:2 D:3 Sewer)
  2 river rats (Sewer)
  5 worms (D:3 Sewer)
  An orc (D:3)
  4 ball pythons (D:1 D:2 Sewer)
  5 bats (D:1 D:2 D:3)
  4 endoplasms (D:1 D:2 D:3 Sewer)
  2 giant cockroaches (D:3)
  8 goblins (D:1 D:2)
  4 hobgoblins (D:2)
  4 jackals (D:1)
  A quokka (D:3)
  5 frilled lizards (D:2 D:3)
  11 kobolds (D:1 D:2 Sewer)
  8 rats (D:1 D:2 D:3)
71 creatures vanquished.

Notes
Turn   | Place    | Note
-------+----------+-------------------------------------------
     0 | D:1      | Jackthecabe the Ogre Warper began the quest for the Orb.
     0 | D:1      | Reached XP level 1. HP: 22/22 MP: 3/3
    54 | D:1      | HP: 10/22 [frozen (3)]
    57 | D:1      | HP: 3/22 [frozen (4)]
    59 | D:1      | Reached skill level 2 in Maces & Flails
   328 | D:1      | Found a faded altar of an unknown god.
   355 | D:1      | Reached XP level 2. HP: 29/29 MP: 5/5
   879 | D:1      | Reached skill level 3 in Maces & Flails
  1220 | D:1      | Reached XP level 3. HP: 36/36 MP: 6/6
  1237 | D:1      | HP: 17/36 [jackal (2)]
  1568 | D:2      | Learned a level 2 spell: Blink
  1927 | D:2      | Reached XP level 4. HP: 40/44 MP: 7/7
  2477 | D:3      | Reached skill level 4 in Maces & Flails
  2710 | D:3      | Found a glowing drain.
  2737 | Sewer    | Entered a sewer
  2872 | Sewer    | Noticed a kobold brigand
  2886 | Sewer    | HP: 22/44 [poisoned by an adder]
  2891 | Sewer    | HP: 20/44 [kobold brigand/+0 dagger (2)]
  2897 | Sewer    | HP: 16/44 [kobold brigand/+0 dagger (4)]
  2899 | Sewer    | HP: 7/44 [kobold brigand/+0 dagger (5)]
  2902 | Sewer    | Killed a kobold brigand
  2903 | Sewer    | Reached skill level 5 in Maces & Flails
  2903 | Sewer    | Reached XP level 5. HP: 17/50 MP: 8/8
  3440 | Sewer    | Noticed a kobold brigand
  3456 | Sewer    | HP: 22/50 [kobold brigand/+0 dagger (8)]
  3462 | Sewer    | HP: 13/50 [kobold brigand/+0 dagger (2)]
  3464 | Sewer    | HP: 5/50 [kobold brigand/+0 dagger (4)]
  3466 | Sewer    | Slain by a kobold brigand

Illustrated notes

Levels and vault maps discovered:
D:1:      dpeg_arrival_rooms_with_view, layout_loops_ring,
          basic_ecumenical_altar, chequers_big_river, kennysheep_pointless_box,
          minmay_hexomino_p4
D:2:      layout_loops_cross, minivault_26, patterned_corridor
D:3:      layout_rooms, cheibrodos_sewer_entry_sluice, uniq_terence
Sewer:    sewer_co_tree

Skill      XL: |  1  2  3  4 |
---------------+-------------+-----
Maces & Flails | 2 3 5 |  5.4
Fighting       | |  2.6
Throwing       | |  1.0
Dodging        | |  2.1
Spellcasting   | |  2.4
Translocations | |  2.6

Action                     |  1- 3 |  4- 6 || total
---------------------------+-------+-------++-------
  Melee: Mace              |   120 |    24 ||   144
         Whip              |       |   169 ||   169
         Punch             |       |     1 ||     1
  Throw: Dart              |       |     1 ||     1
    Use: Scroll            |     1 |       ||     1
         Potion            |       |     1 ||     1
   Stab: Sleeping          |     1 |       ||     1
 Armour: Robe              |    50 |    37 ||    87
  Dodge: Dodged            |    86 |    71 ||   157

Levels and vault maps discovered:
D:1:      dpeg_arrival_rooms_with_view, layout_loops_ring,
          basic_ecumenical_altar, chequers_big_river, kennysheep_pointless_box,
          minmay_hexomino_p4
D:2:      layout_loops_cross, minivault_26, patterned_corridor
D:3:      layout_rooms, cheibrodos_sewer_entry_sluice, uniq_terence
Sewer:    sewer_co_tree

Table legend: (Time is in decaauts)
 A = Elapsed time spent in this place.
 B = Non-inter-level travel time spent in this place.
 C = Inter-level travel time spent in this place.
 D = Time resting spent in this place.
 E = Time spent auto-exploring this place.
 F = Levels seen in this place.
 G = Mean time per level.
                   A        B        C        D        E       F      G
               +--------+--------+--------+--------+--------+-----+--------+
         Total |   3488 |   3406 |     82 |    555 |   2048 |   4 |  872.0 |
       Dungeon |   2765 |   2683 |     82 |    434 |   1578 |   3 |  921.7 |
         Sewer |    722 |    722 |      0 |    121 |    470 |   1 |  722.0 |
               +--------+--------+--------+--------+--------+-----+--------+

Top non-repeatable levels by time:
     D:1: 1335 daAuts
     D:2: 1171 daAuts
   Sewer: 722 daAuts
     D:3: 259 daAuts

Table legend:
 A = Kills in this place as a percentage of kills in the entire game.
 B = Kills by you in this place as a percentage of kills by you in the entire game.
 C = Kills by friends in this place as a percentage of kills by friends in the entire game.
 D = Other kills in this place as a percentage of other kills in the entire game.
 E = Experience gained in this place as a percentage of experience gained in the entire game.
 F = Experience gained in this place divided by the number of levels of this place that you have seen.
                   A       B       C       D       E      F
               +-------+-------+-------+-------+-------+----------------------
         Total | 100.0 | 100.0 |   N/A |   N/A | 100.0 |  78.8
       Dungeon |  85.9 |  85.9 |   N/A |   N/A |  46.0 |  48.3
         Sewer |  14.1 |  14.1 |   N/A |   N/A |  54.0 | 170.0
               +-------+-------+-------+-------+-------+----------------------
